 Dungeon Crawl Stone Soup version 0.24-a0-205-g1d96822 (webtiles) character file.

Game seed: 9001201406737895265

60 Ijustatesigmund the Cudgeler (level 4, -1/31 HPs)
             Began as an Octopode Monk on Mar 28, 2019.
             Slain by a gnoll
             ... wielding a +0 spear
              (6 damage)
             ... on level 3 of the Dungeon.
             The game lasted 00:03:24 (1750 turns).

Ijustatesigmund the Cudgeler (Octopode Monk)        Turns: 1750, Time: 00:03:25

Health: -1/31      AC:  1    Str: 12    XL:     4   Next: 6%
Magic:  4/4        EV: 14    Int: 12    God:
Gold:   69         SH:  0    Dex: 15    Spells: 3/3 levels left

rFire    . . .     SeeInvis +   a - +1 mace
rCold    . . .     Gourm    .   (no shield)
rNeg     . . .     Faith    .   (helmet restricted)
rPois    .         Spirit   .   (no amulet)
rElec    .         Reflect  .   f - ring of see invisible
rCorr    .         Harm     .   (no ring)
MR       .....                  (no ring)
Stlth    ++++......             (no ring)
HPRegen  0.10/turn              (no ring)
MPRegen  0.09/turn              (no ring)
                                (no ring)
                                (no ring)

@: no status effects
A: almost no armour, stealthy swim, amphibious, 8 rings, constrict 8, antennae
1, camouflage 1, strong 1, gelatinous body 1
a: no special abilities


You were on level 3 of the Dungeon.
You were hungry.

You visited 1 branch of the dungeon, and saw 3 of its levels.

You collected 69 gold pieces.

Inventory:

Hand Weapons
 a - a +1 mace (weapon)
Missiles
 d - a throwing net (quivered)
Jewellery
 f - a ring of see invisible (left tentacle)
Scrolls
 c - 5 scrolls of identify
 e - a scroll of remove curse
 g - a scroll of blinking {unknown}
 j - a scroll of fog
Potions
 h - a potion of heal wounds
 i - a potion of lignification
 l - a potion of curing
Comestibles
 b - 5 rations


   Skills:
 + Level 3.0 Fighting
 + Level 4.3 Maces & Flails
 + Level 3.0 Dodging
 - Level 4.0 Stealth


You had 3 spell levels left.
You didn't know any spells.
Your spell library was empty.

Dungeon Overview and Level Annotations

Branches:
Dungeon (3/15)

Altars:

Annotations:
D:2 Sigmund


Innate Abilities, Weirdness & Mutations

You cannot wear most types of armour.
You are very stealthy in the water. (Stealth+)
You are amphibious.
You can wear up to eight rings at the same time.
You can use your tentacles to constrict eight enemies at once.
Your skin changes colour to match your surroundings (Stealth+).
Your rubbery body absorbs attacks. (AC +1, EV +1)
You have a pair of small antennae on your head.
Your muscles are strong. (Str +2)


Message History

You struggle against the net.
The gnoll shouts!
You struggle against the net.
The gnoll hits you with a +0 club.
You shred the net and break free! The gnoll completely misses you.
The gnoll hits you from afar with a +0 spear.
The gnoll hits you with a +0 club.
You hit the gnoll but do no damage. You grab the gnoll.
You constrict the gnoll. The gnoll closely misses you.
The gnoll hits you from afar with a +0 spear.
You hit the gnoll.
The gnoll is moderately wounded.
You constrict the gnoll, but do no damage.
The gnoll hits you with a +0 club.
The gnoll hits you from afar with a +0 spear!
* * * LOW HITPOINT WARNING * * *
You hit the gnoll.
The gnoll is severely wounded.
You constrict the gnoll. The gnoll completely misses you.
The gnoll hits you from afar with a +0 spear.
You die...

.....# .....# .....#
.....# . .....# ..#
.....## #.#
#...######....... ###
#.# #....##g.# #.. #.#
###.@gg## #.# #.#
####...######## #.# #.#
#.............# #.# #.#
#.###.........# #.#
#.###.# #.........#
..####.##..#######.....#
........#.#†.......#####
######......#####..#
.#####......# ###.####


You could see 3 gnolls.

Vanquished Creatures
  An ooze (D:1)
  A worm (D:3)
  A dart slug (D:1)
  2 leopard geckos
  A ball python (D:2)
  2 giant cockroaches
  5 goblins (D:1)
  4 hobgoblins
  8 jackals (D:1)
  A quokka (D:3)
  4 bats
  3 frilled lizards
  5 kobolds
  6 rats
44 creatures vanquished.

Notes
Turn   | Place    | Note
-------+----------+-------------------------------------------
     0 | D:1      | Ijustatesigmund the Octopode Monk began the quest for the
                  | Orb.
     0 | D:1      | Reached XP level 1. HP: 16/16 MP: 1/1
   285 | D:1      | Reached XP level 2. HP: 18/21 MP: 2/2
   683 | D:1      | Reached XP level 3. HP: 26/26 MP: 3/3
  1365 | D:2      | Noticed Sigmund
  1368 | D:2      | Gained mutation: You have a pair of small antennae on your
                  | head. [potion of mutation]
  1368 | D:2      | Gained mutation: Your muscles are strong. (Str +2) [potion
                  | of mutation]
  1625 | D:3      | Reached XP level 4. HP: 25/31 MP: 4/4
  1750 | D:3      | Slain by a gnoll

Levels and vault maps discovered:
D:1:      mrwooster_arrival_arrow, layout_loops_ring
D:2:      layout_loops_ring, uniq_sigmund, uniq_terence
D:3:      layout_rooms, first_ration, bh_walls_and_bars, uniq_jessica

Skill      XL: |  1  2  3 |
---------------+----------+-----
Stealth        | 3 4 |  4.0
Maces & Flails | 4 |  4.3
Fighting       | |  3.0
Dodging        | |  3.0

Action                   |  1- 3 |  4- 6 || total
-------------------------+-------+-------++-------
Melee: Mace              |    81 |     6 ||    87
       Constrict         |    23 |     1 ||    24
       Tentacles         |    19 |     1 ||    20
  Use: Scroll            |     6 |       ||     6
       Potion            |     1 |       ||     1
 Stab: Sleeping          |    14 |     2 ||    16
  Eat: Chunk             |     2 |       ||     2
Armor: Skin              |     4 |       ||     4
Dodge: Dodged            |    55 |     4 ||    59

Table legend:
 A = Non-vault XP
 B = Vault XP
 C = Vault XP percentage of total XP
 D = Non-vault monster count
 E = Vault monster count
 F = Vault count percentage of total count
                 A         B        C        D         E       F
            +---------+---------+-------+---------+---------+-------
      Total |      87 |       0 |   0.0 |      44 |       0 |   0.0
            +---------+---------+-------+---------+---------+-------
        D:1 |      51 |       0 |   0.0 |      25 |       0 |   0.0
        D:2 |      17 |       0 |   0.0 |      10 |       0 |   0.0
        D:3 |      19 |       0 |   0.0 |       9 |       0 |   0.0
            +---------+---------+-------+---------+---------+-------
